AoeStats
← Santissima Trinidad

MegaRandom

505298344Analyzed
2v2 RM · 22d ago on Sep 8, 2026· 33m 9s· 4 players
Game mode
Random Map
Map size
Medium (4 player)
Population
200
Speed
Normal
Resources
Standard
Victory
Conquest
Starting age
Dark Age
Ending age
Imperial Age
RankedLock teamsTeams togetherTeam positionsShared explorationLock speedFull tech treeHidden civsTurbo modeCheats
Victory
Defeat
🇩🇪 Bulgarians · Germany
1206
+15
🇩🇪 Wei · Germany
1171
+17
🇩🇪 Britons · Germany
1248
-18
🇩🇪 Mongols · Germany
1137
-14
Santissima Trinidad
12:31 Feudal Age
10:48 Loom
15:59 Horse Collar
16:07 Double-Bit Axe
18:34 Castle Age
23:23 Padded Archer Armor
23:13 Fletching
26:00 Bodkin Arrow
26:21 Leather Archer Armor
28:12 Husbandry
28:23 Bloodlines
30:07 Thumb Ring
30:54 Ballistics
33:47 Bow Saw
TisButAScratch
9:10 Loom
13:05 Feudal Age
17:01 Castle Age
16:53 Double-Bit Axe
19:17 Scale Barding Armor
21:21 Forging
25:06 Gold Mining
27:07 Scale Mail Armor
27:37 Bow Saw
27:14 Horse Collar
31:42 Wheelbarrow
31:10 Heavy Plow
32:13 Chain Barding Armor
davidsintana96
4:47 Loom
14:09 Feudal Age
14:58 Fishing Lines
16:02 Gold Mining
16:01 Double-Bit Axe
20:06 Castle Age
21:07 Bow Saw
21:11 Gillnets
23:24 Wheelbarrow
24:34 Forging
25:08 Scale Barding Armor
25:34 Husbandry
25:47 Bloodlines
26:02 Horse Collar
28:41 Heavy Plow
Hofgassler
10:31 Feudal Age
8:57 Loom
12:18 Double-Bit Axe
20:00 Castle Age
18:39 Horse Collar
18:50 Gold Mining
19:02 Fishing Lines
20:02 Fletching
22:26 Bodkin Arrow
22:01 Crossbowman
Connection lost

Rejoining the realm…

Still unreachable

The connection could not be restored.

Session expired

The server has moved on; the page needs a fresh start.